AoeStats
← Emnesty_x3

Arena

508742148Analyzed
4v4 RM · 10d ago on Sep 23, 2026· 42m 27s· 8 players
Game mode
Random Map
Map size
Large (8 player)
Population
200
Speed
Normal
Resources
Standard
Victory
Conquest
Starting age
Dark Age
Ending age
Imperial Age
RankedLock teamsTeams togetherTeam positionsShared explorationLock speedFull tech treeHidden civsTurbo modeCheats
Victory
Defeat
🇲🇽 Hindustanis · Mexico
1576
+11
🇭🇺 Varangians · Hungary
1501
+14
🇩🇪 Turks · Germany
1500
+14
🇨🇳 Persians · China
1446
+18
🇨🇦 Malians · Canada
1604
-19
🇮🇩 Sicilians · Indonesia
1432
-13
🇧🇷 Bohemians · Brazil
1427
-13
🇨🇳 Burgundians · China
1405
-12
Rv
10:31 Feudal Age
14:06 Castle Age
12:09 Double-Bit Axe
12:25 Horse Collar
15:19 Bow Saw
15:31 Heavy Plow
21:13 Wheelbarrow
20:24 Town Watch
20:43 Loom
24:25 Gold Mining
24:27 Stone Mining
27:33 Imperial Age
26:12 Hand Cart
26:28 Padded Archer Armor
26:50 Fletching
27:23 Ballistics
27:45 Bodkin Arrow
28:26 Leather Archer Armor
29:17 Chemistry
29:01 Shatagni
30:16 Ring Archer Armor
30:01 Bracer
31:16 Conscription
32:08 Two-Man Saw
32:44 Siege Engineers
33:08 Thumb Ring
33:15 Elite Skirmisher
34:16 Scale Barding Armor
35:24 Masonry
35:38 Chain Barding Armor
35:09 Heavy Camel Rider
36:56 Hoardings
36:48 Bloodlines
36:38 Husbandry
37:44 Plate Barding Armor
37:21 Forging
36:47 Light Cavalry
38:32 Coinage
38:44 Iron Casting
38:43 Imperial Camel Rider
40:29 Blast Furnace
40:01 Murder Holes
40:11 Caravan
40:06 Hussar
41:46 Grand Trunk Road
42:25 Banking
42:41 Scale Mail Armor
DraveczB
11:03 Feudal Age
15:01 Castle Age
13:49 Double-Bit Axe
13:44 Horse Collar
15:02 Bloodlines
23:38 Wheelbarrow
24:11 Bow Saw
24:05 Heavy Plow
24:12 Gold Mining
24:42 Loom
25:53 Stone Mining
27:04 Forging
27:09 Husbandry
27:34 Town Watch
28:11 Hand Cart
32:25 Imperial Age
30:09 Scale Barding Armor
31:36 Iron Casting
32:23 Chain Barding Armor
31:30 Vendel Legacy
33:18 Stone Shaft Mining
32:33 Cavalier
34:18 Blast Furnace
34:29 Conscription
34:34 Town Patrol
36:11 Plate Barding Armor
41:25 Elite Jarl
43:01 Scale Mail Armor
Emnesty_x3
12:34 Feudal Age
16:19 Castle Age
20:33 Imperial Age
19:13 Double-Bit Axe
19:33 Gold Mining
20:29 Horse Collar
22:47 Padded Archer Armor
34:03 Leather Archer Armor
33:46 Stone Mining
35:49 Scale Barding Armor
zbtl458613
5:35 Loom
8:17 Feudal Age
27:03 Fletching
33:47 Double-Bit Axe
33:47 Horse Collar
42:20 Castle Age
Flux
9:55 Feudal Age
9:17 Loom
13:51 Fletching
14:50 Double-Bit Axe
23:17 Castle Age
21:35 Horse Collar
24:52 Wheelbarrow
28:22 Bow Saw
34:13 Imperial Age
32:11 Bodkin Arrow
32:51 Heavy Plow
33:53 Stone Mining
35:11 Hand Cart
35:58 Scale Barding Armor
36:04 Forging
37:51 Chain Barding Armor
39:15 Plate Barding Armor
39:15 Iron Casting
Julio2
11:24 Feudal Age
15:04 Castle Age
13:07 Double-Bit Axe
14:02 Horse Collar
15:59 Bow Saw
15:53 Heavy Plow
17:55 Fervor
22:48 Wheelbarrow
27:57 Imperial Age
27:27 Chemistry
28:02 Padded Archer Armor
29:37 Conscription
29:33 Leather Archer Armor
28:57 Elite Skirmisher
29:28 Fletching
30:46 Ring Archer Armor
31:30 Bodkin Arrow
31:57 Ballistics
super HYW
3:54 Double-Bit Axe
7:09 Horse Collar
11:23 Feudal Age
16:02 Castle Age
16:12 Bow Saw
16:17 Heavy Plow
16:06 Light Cavalry
17:15 Husbandry
23:53 Wheelbarrow
23:07 Cavalier
23:58 Loom
31:30 Imperial Age
29:41 Hand Cart
30:34 Scale Barding Armor
30:40 Forging
32:12 Chain Barding Armor
31:47 Gold Mining
31:55 Paladin
33:21 Squires
33:24 Scale Mail Armor
36:04 Plate Barding Armor
36:05 Iron Casting
35:48 Chain Mail Armor
35:52 Pikeman
36:55 Halberdier
39:38 Blast Furnace
39:48 Plate Mail Armor
41:07 Conscription
RafixRuche
10:33 Feudal Age
14:38 Castle Age
13:04 Double-Bit Axe
14:33 Gold Mining
14:39 Horse Collar
16:30 Fletching
19:07 Wheelbarrow
19:29 Fervor
20:08 Bow Saw
20:21 Bodkin Arrow
21:35 Bloodlines
22:26 Heavy Plow
23:05 Gold Shaft Mining
22:50 Husbandry
22:57 Padded Archer Armor
24:30 Leather Archer Armor
26:41 Ballistics
35:16 Imperial Age
39:37 Masonry
Connection lost

Rejoining the realm…

Still unreachable

The connection could not be restored.

Session expired

The server has moved on; the page needs a fresh start.